 Dungeon Crawl Stone Soup version 0.29.1-2-gbd0b4ee654 (webtiles) character file.

Game seed: 15076087251408598389

85 boopmooplesden the Trooper (level 4, 0/42 HPs)
             Began as a Minotaur Berserker on Nov 21, 2022.
             Was a Believer of Trog.
             Slain by Grinder (1 damage)
             ... on level 3 of the Dungeon.
             The game lasted 00:03:07 (2398 turns).

boopmooplesden the Trooper (Minotaur Berserker)     Turns: 2398, Time: 00:03:08

Health: 0/42       AC:  2    Str: 22    XL:     4   Next: 25%
Magic:  3/3        EV: 12    Int:  4    God:    Trog [**....]
Gold:   112        SH:  0    Dex: 11    Spells: 3/3 levels left

rFire   . . .      SeeInvis .   k - +0 trident
rCold   . . .      Faith    .   (no shield)
rNeg    . . .      Spirit   .   o - +0 robe {Will+}
rPois   .          Reflect  .   (helmet restricted)
rElec   .          Harm     .   (no cloak)
rCorr   .          Rampage  .   (no gloves)
Will    +....                   (no boots)
Stlth   +.........              (no amulet)
HPRegen 0.14/turn               (no ring)
MPRegen 0.08/turn               (no ring)

@: on berserk cooldown, slowed, very slow
A: horns 2, retaliatory headbutt
a: Renounce Religion, Berserk, Trog's Hand


You were on level 3 of the Dungeon.
You worshipped Trog.
Trog was pleased with you.
You visited 1 branch of the dungeon, and saw 3 of its levels.

You collected 112 gold pieces.

Inventory:

Hand Weapons
 a - a +0 spear
 k - a +0 trident (weapon)
Armour
 b - a +0 animal skin
 d - a +0 chain mail
 h - the +0 ring mail of the Black Moon {Str+3 Int-2}
   (You found it on level 2 of the Dungeon)

   Str:       It affects your strength (+3).
   Int:       It affects your intelligence (-2).
 o - a +0 robe of willpower (worn)
Jewellery
 f - a ring of protection from cold
Scrolls
 m - a scroll of fear
 n - 3 scrolls of blinking {unknown}
 p - a scroll of silence {unknown}
Potions
 c - a potion of flight
 e - a potion of cancellation {unknown}
 g - a potion of might
 i - a potion of lignification {unknown}
 j - 2 potions of curing {unknown}
 l - a potion of degeneration {unknown}


   Skills:
 + Level 5.1 Fighting
 + Level 4.5 Polearms
 + Level 2.6 Armour
 + Level 2.7 Dodging


You had 3 spell levels left.
You didn't know any spells.
Your spell library was empty.

Dungeon Overview and Level Annotations

Branches:
Dungeon (3/15)

Altars:
Qazlal

Shops:
D:1 !

Portals:
Sewer: D:3

Annotations:
D:3 Grinder


Innate Abilities, Weirdness & Mutations

You have a pair of horns on your head.
You reflexively headbutt those who attack you in melee.


Message History

You kill the river rat!
Trog accepts your kill.
You have reached level 4!
You feel stronger.
You puncture the river rat!
You kill the river rat!
Trog accepts your kill. Grinder gestures at you. Pain shoots through your body!
Your Fighting skill increases to level 5!
You completely miss the ball python. Your punch misses the ball python.
You closely miss the ball python. You headbutt the ball python.
You kill the ball python!
Trog accepts your kill. Grinder hits you!
* * * LOW HITPOINT WARNING * * *
Things that are here:
a ball python corpse; a river rat corpse You hit Grinder.
Grinder is lightly wounded.
The rat bites you.
* * * LOW HITPOINT WARNING * * *
Grinder barely misses you.
You puncture Grinder!
Grinder is moderately wounded.
You closely miss Grinder. Your headbutt misses Grinder.
Grinder is moderately wounded.
The rat barely misses you. You furiously retaliate!
You headbutt the rat!
You kill the rat!
Trog accepts your kill.
Grinder blinks!
You feel a strong urge to attack something.
You are no longer berserk.
You are exhausted.
You feel yourself slow down.
Grinder blinks! x2
Grinder hits you!
* * * LOW HITPOINT WARNING * * *
You writhe in agony.
You die...

#####.# #∩~~~~#
..#.....###~~~~.#
..........#~~~~.#
#.#.#####.#~~~..#
# #†#~~...#
#...###.#
##......#
#5###### #@# #.#
#<# #.# #.# #..
###


You could see Grinder.

Vanquished Creatures
  An adder (D:3)
  2 river rats (D:3)
  2 dart slugs (D:1)
  9 bats
  4 endoplasms (D:2)
  3 giant cockroaches
  3 goblins
  5 hobgoblins
  4 quokkas
  3 ball pythons
  4 frilled lizards
  6 kobolds
  5 rats
51 creatures vanquished.

Notes
Turn   | Place    | Note
-------+----------+-------------------------------------------
     0 | D:1      | boopmooplesden the Minotaur Berserker began the quest for
                  | the Orb.
     0 | D:1      | Reached XP level 1. HP: 19/19 MP: 0/0
   186 | D:1      | Reached XP level 2. HP: 25/27 MP: 1/1
   217 | D:1      | Reached skill level 4 in Fighting
   341 | D:1      | Found a faded altar of an unknown god.
   451 | D:1      | Found Zuem's Distillery.
   879 | D:2      | Reached XP level 3. HP: 33/33 MP: 2/2
  1557 | D:2      | Found a stormy altar of Qazlal.
  1592 | D:2      | Reached ** piety under Trog
  1618 | D:2      | Identified the +0 ring mail of the Black Moon {Str+3 Int-2}
  2370 | D:3      | Found a glowing drain.
  2371 | D:3      | Noticed Grinder
  2386 | D:3      | Reached XP level 4. HP: 30/41 MP: 3/3
  2387 | D:3      | Reached skill level 5 in Fighting
  2398 | D:3      | HP: 1/42 [Grinder (10)]
  2398 | D:3      | Slain by Grinder

Illustrated notes

Levels and vault maps discovered:
D:1:      co_arrival_square_in_a_square_in_a_square, layout_basic, serial_shops,
          nicolae_shop_hallway_plus, ebering_ecumenical_altar_mist
D:2:      mumra_celtic_spiral_tile, layout_loops_corners, basic_altar,
          chequers_serial_rivers_large_a
D:3:      layout_loops_ring, portal_sewer_entry_b, minivault_27, uniq_grinder

Skill      XL: |  1  2  3  4 |
---------------+-------------+-----
Fighting       | 4 5 |  5.1
Polearms       | 4 |  4.5
Armour         | |  2.6
Dodging        | |  2.7

Action                   |  1- 3 |  4- 6 || total
-------------------------+-------+-------++-------
Melee: Spear             |    61 |       ||    61
       Punch             |     1 |       ||     1
       Headbutt          |    11 |     1 ||    12
       Trident           |    35 |     6 ||    41
Invok: Berserk           |     1 |       ||     1
  Use: Scroll            |     3 |       ||     3
Armor: Animal skin       |    19 |       ||    19
       Robe              |     5 |       ||     5
Dodge: Dodged            |    68 |     2 ||    70
